 Dungeon Crawl Stone Soup version 0.18.1-50-g88ac8fd (webtiles) character file.

242 Iflex the Poker (level 6, -1/47 HPs)
             Began as a Merfolk Gladiator on Oct 6, 2016.
             Slain by a gnoll
             ... wielding a cursed +0 spear
              (10 damage)
             ... on level 4 of the Dungeon.
             The game lasted 00:07:21 (3097 turns).

Iflex the Poker (Merfolk Gladiator)                 Turns: 3097, Time: 00:07:21

Health: -1/47      AC:  0    Str: 17    XL:     6   Next: 9%
Magic:  6/6        EV:  8    Int:  7    God:
Gold:   92         SH:  0    Dex: 15    Spells: 0 memorised, 5 levels left

rFire  . . .     SeeInvis .     a - +0 trident
rCold  . . .     Gourm    .     b - +0 leather armour
rNeg   . . .     Faith    .     (no shield)
rPois  .         Spirit   .     c - +0 helmet
rElec  .         Dismiss  .     (no cloak)
rCorr  .         Reflect  .     (no gloves)
SustAt .         Harm     .     (no boots)
MR     .....                    (no amulet)
Stlth  +.........               (no ring)
                                (no ring)

@: corroded, held, not resistant to hostile enchantments, very unstealthy
A: change form in water, swift swim
a: no special abilities


You were on level 4 of the Dungeon.
You were full.

You visited 1 branch of the dungeon, and saw 4 of its levels.

You collected 92 gold pieces.

Inventory:

Hand Weapons
 a - a +0 trident (weapon)
Missiles
 d - 2 throwing nets (quivered)
Armour
 b - a +0 leather armour (worn)
 c - a +0 helmet (worn)
 l - a +0 pair of gloves
Wands
 k - a wand of flame (20/48)
Scrolls
 i - 7 scrolls of identify {unknown}
 j - 2 scrolls of teleportation {unknown}
 m - a scroll of blinking {unknown}
 o - 3 scrolls of random uselessness {unknown}
 t - a scroll of enchant weapon {unknown}
Potions
 n - a potion of berserk rage {unknown}
 r - a potion of heal wounds {unknown}
 u - a potion of resistance
Comestibles
 h - 3 beef jerkies
 q - 2 meat rations


   Skills:
 + Level 3.5 Fighting
 + Level 7.0 Polearms
 + Level 2.2 Throwing
 + Level 0.9 Armour
 + Level 5.5 Dodging
 + Level 0.2 Stealth


You had 5 spell levels left.
You didn't know any spells.

Dungeon Overview and Level Annotations

Branches:
Dungeon (4/15)
 Temple: D:4-7

Altars:
The Shining One

Annotations:
D:3 Faldahar's ghost, amateur KoBe


Message History

The jelly is moderately wounded.
The gnoll barely misses you. The jelly closely misses you.
You hit the jelly.
Your hands burn!
The jelly is severely wounded.
The gnoll hits you from afar with a spear.
The jelly hits you.
You are splashed with acid!
The acid burns!
* * * LOW HITPOINT WARNING * * *
You are too injured to fight recklessly!
You are too injured to fight recklessly!
The jelly misses you.
You are too injured to fight recklessly!
Found a scroll labeled YCLUAN TONUE.
You are too injured to fight recklessly!
The gnoll throws a throwing net.
The throwing net hits you.
You become entangled in the net!
Found a scroll labeled YCLUAN TONUE.
You see here a throwing net.
You try to slip out of the net.
The gnoll hits you from afar with a spear!
You die...

.. #. #. #. #### ?
#.#####...#..
#..<.........
#..g......###
#...J@.......
#†=..........
...)g.........?.
.................
...............###
..##......?....# #
#.............
+.............


You could see a jelly and 2 gnolls.

Vanquished Creatures
  An orc wizard (D:3)
  Robin (D:1)
  6 gnolls
  7 adders
  A dart slug (D:2)
  A giant gecko (D:2)
  5 orcs (D:3)
  A ball python (D:2)
  4 bats
  6 giant cockroaches
  10 goblins
  11 hobgoblins
  3 jackals (D:3)
  A quokka (D:2)
  3 giant newts
  8 kobolds
  6 rats
75 creatures vanquished.

Notes
Turn   | Place    | Note
--------------------------------------------------------------
     0 | D:1      | Iflex the Merfolk Gladiator began the quest for the Orb.
     0 | D:1      | Reached XP level 1. HP: 16/16 MP: 1/1
    42 | D:1      | Reached skill level 5 in Polearms
    42 | D:1      | Reached XP level 2. HP: 15/23 MP: 2/2
   371 | D:1      | Found a glowing golden altar of the Shining One.
   548 | D:1      | Reached XP level 3. HP: 27/28 MP: 3/3
   890 | D:2      | Noticed Robin
   941 | D:1      | Killed Robin
  1140 | D:2      | Reached XP level 4. HP: 32/34 MP: 4/4
  1321 | D:2      | Reached skill level 6 in Polearms
  1833 | D:3      | Reached skill level 5 in Dodging
  1839 | D:3      | Reached XP level 5. HP: 26/41 MP: 5/5
  2513 | D:3      | Noticed Faldahar's ghost (amateur KoBe)
  2980 | D:3      | Reached XP level 6. HP: 45/47 MP: 6/6
  3086 | D:4      | Reached skill level 7 in Polearms
  3097 | D:4      | Slain by a gnoll

Skill      XL: |  1  2  3  4  5  6 |
---------------+-------------------+-----
Polearms       | 5 6 7 |  7.0
Fighting       | 3 |  3.5
Dodging        | 5 |  5.5
Throwing       | |  2.2
Armour         | |  0.9
Stealth        | |  0.2

Action                   |  1- 3 |  4- 6 || total
-------------------------+-------+-------++-------
Melee: Trident           |    99 |   194 ||   293
Throw: Throwing net      |       |     4 ||     4
  Use: Potion            |       |     5 ||     5
 Stab: Distracted        |     1 |       ||     1
       Sleeping          |       |     1 ||     1
  Eat: Chunk             |     1 |       ||     1
       Bread ration      |       |     2 ||     2
       Royal jelly       |       |     1 ||     1
Armor: Leather armour    |    29 |    32 ||    61
Dodge: Dodged            |    60 |   153 ||   213
